 Dungeon Crawl Stone Soup version 0.17-a0-1078-g243345b (webtiles) character file.

7299 onwiheg the Earth Mage (level 11, -1/54 HPs)
             Began as a Gargoyle Earth Elementalist on May 18, 2015.
             Was the Champion of Sif Muna.
             Killed from afar by a fire dragon (52 damage)
             ... with a blast of flame
             ... on level 9 of the Dungeon.
             The game lasted 00:54:44 (9100 turns).

onwiheg the Earth Mage (GrEE)                       Turns: 9100, Time: 00:54:44

Health: -1/54      AC: 15    Str: 12    XL:     11   Next: 13%
Magic:  5/22       EV: 12    Int: 22    God:    Sif Muna [******]
Gold:   750        SH:  0    Dex: 10    Spells: 5 memorised, 11 levels left

rFire  . . .     SeeInvis .     p - staff of energy
rCold  + . .     Clarity  .     P - +2 robe {rC+}
rNeg   + . .     SustAb   .     (no shield)
rPois  ∞         Gourm    +     B - +2 helmet
rElec  +         Spirit   .     (no cloak)
rCorr  .         Warding  .     g - +0 pair of gloves
rMut   .         Stasis   .     (no boots)
MR     .....                    Z - amulet of the gourmand
Stlth  ++........               J - ring of wizardry
                                m - +3 ring of intelligence

@: not resistant to hostile enchantments, unstealthy
A: negative energy resistance 1, electricity resistance, unbreathing,
petrification resistance, rot immunity, AC +7
a: Channel Energy, Forget Spell, Renounce Religion


You were on level 9 of the Dungeon.
You worshipped Sif Muna.
Sif Muna was exalted by your worship.
You were very full.

You visited 2 branches of the dungeon, and saw 10 of its levels.
You also visited: Ossuary.

You collected 750 gold pieces.

Inventory:

Hand weapons
 i - a +0 whip of holy wrath
 t - a +0 blowgun
 y - a +2 whip of venom
Missiles
 a - 112 stones (quivered)
 j - 6 curare-tipped needles
 u - 17 poisoned needles
Armour
 g - a +0 pair of gloves (worn)
 x - a +2 robe of magic resistance
 B - a +2 helmet (worn)
 I - a cursed +0 large shield
 P - a +2 robe of cold resistance (worn)
Magical staves
 p - an uncursed staff of energy (weapon)
Jewellery
 h - an uncursed ring of protection from cold
 m - a +3 ring of intelligence (left hand)
 J - a ring of wizardry (right hand)
 U - a +4 ring of dexterity {unknown}
 Z - an amulet of the gourmand (around neck)
Magical devices
 D - a wand of fire (11)
 M - a wand of fire (4)
 S - a wand of paralysis (9)
Scrolls
 k - a scroll of noise
 n - 3 scrolls of magic mapping
 o - 4 scrolls of blinking
 q - 5 scrolls of enchant weapon
 r - 6 scrolls of teleportation
 v - 2 scrolls of remove curse
 E - 2 scrolls of enchant armour {unknown}
 F - 3 scrolls of recharging
 G - 2 scrolls of amnesia {unknown}
 R - a scroll of vulnerability {unknown}
 W - a scroll of holy word {unknown}
 X - a scroll of fear {unknown}
Potions
 b - a potion of degeneration {unknown}
 e - 3 potions of might
 f - 2 potions of flight {unknown}
 l - a potion of haste {unknown}
 w - a potion of brilliance {unknown}
 z - 3 potions of magic
 H - a potion of berserk rage {unknown}
 K - 2 potions of mutation {unknown}
 L - 2 potions of curing {unknown}
Books
 c - a book of Geomancy

   Spells                             Type                      Level
   a - Sandblast                      Earth                        1
   b - Stoneskin                      Transmutation/Earth          2
   c - Passwall                       Transmutation/Earth          3
   d - Stone Arrow                    Conjuration/Earth            3
   e - Petrify                        Transmutation/Earth          4
   f - Lee's Rapid Deconstruction     Earth                        5
 C - a book of the Tempests

   Spells                             Type                      Level
   a - Static Discharge               Conjuration/Air              3
   b - Lightning Bolt                 Conjuration/Air              5
   c - Fireball                       Conjuration/Fire             5
   d - Tornado                        Air                          9
   e - Shatter                        Earth                        9
Comestibles
 d - 5 bread rations
 A - 4 meat rations
 N - a royal jelly
 T - 7 fruits


   Skills:
 - Level 4.0 Maces & Flails
 - Level 1.5 Dodging
 - Level 2.1 Stealth
 - Level 7.7 Spellcasting
 - Level 0.7 Transmutations
 + Level 16.1 Earth Magic


You had 11 spell levels left.
You knew the following spells:

 Your Spells              Type           Power        Failure   Level  Hunger
a - Sandblast             Erth           ######       0%          1    None
b - Stone Arrow           Conj/Erth      #####.       1%          3    None
c - Lee's Rapid Deconstr  Erth           ######....   1%          5    None
d - Stoneskin             Trmt/Erth      #####...     1%          2    None
e - Passwall              Trmt/Erth      #####.....   1%          3    None


Dungeon Overview and Level Annotations

Branches:
Dungeon (9/15)             Temple (1/1) D:4
   Lair: D:8-11         Orc: D:9-12

Altars:
Cheibriados
Dithmenos
Gozag
Kikubaaqudgha
Makhleb
Okawaru
Ru
Sif Muna
Trog
Xom
Yredelemnul

Annotations:
D:9 exclusion: fire dragon


Innate Abilities, Weirdness & Mutations

You are resistant to torment.
Your stone body is resilient (AC +7).
You are immune to poison.
You resist negative energy.
You are resistant to electric shocks.
You can survive without breathing.
You are immune to petrification.
You are immune to rotting.


Message History

Casting: Stone Arrow
Confirm with . or Enter, or press ? or * to list all spells.
Aiming: Stone Arrow
Press: ? - help, Shift-Dir - straight line, f/p - fire dragon
Aim: a fire dragon (heavily wounded)
The stone arrow hits the fire dragon.
The fire dragon is severely wounded.
The fire dragon bites you. The fire dragon barely misses you.
The fire dragon barely misses you.
Casting: Stone Arrow
Confirm with . or Enter, or press ? or * to list all spells.
Aiming: Stone Arrow
Press: ? - help, Shift-Dir - straight line, f/p - fire dragon
Aim: a fire dragon (severely wounded)
The stone arrow hits the fire dragon.
The fire dragon is almost dead.
The fire dragon breathes flames at you. The blast of flame hits you!
Ouch! That really hurt!
You die...

...#####.# ...##....#
...##.#### ...##.##
######≈≈≈ ...##..#
####...≈≈≈≈≈
...###.######
###.......≈≈≈D ####
#......####.).......≈≈≈≈
######..[)..)......≈≈≈≈;
#####.@D......≈≈≈≈$
###......≈≈≈..$
##....†≈≈....
###..≈≈≈≈... ####≈≈≈###
####


You could see a fire dragon.

Vanquished Creatures
  Erica (D:9)
  Pikel (D:9)
  Joseph (D:9)
  A merfolk (D:9)
  A two-headed ogre (D:8)
  4 yaks (D:9)
  A steam dragon (D:9)
  A hungry ghost (D:8)
  Grum (D:9)
  3 wolves (D:9)
  A hippogriff (D:9)
  Duvessa (D:7)
  An ice beast (D:9)
  2 orc warriors
  4 sky beasts
  A phantom (D:7)
  2 black bears
  An eye of draining (D:8)
  A necrophage (D:7)
  2 ogres (D:6)
  4 slaves (D:9)
  A crocodile (D:7)
  4 centaurs
  2 giant frogs
  2 big kobolds
  A wyvern zombie (D:7)
  A scorpion (D:5)
  A wight (D:7)
  Dowan (D:7)
  A wyvern skeleton (D:8)
  4 killer bees (D:7)
  4 crimson imps
  An electric eel (D:9)
  6 hounds
  6 orc wizards
  A human zombie (Ossuary)
  3 jellies
  A giant frog zombie (D:8)
  Ijyb (D:3)
  2 giant frog skeletons
  2 iguanas
  4 orc priests
  Natasha (thrice) (D:3)
  11 worker ants
  2 big kobold zombies (Ossuary)
  A killer bee zombie (D:6)
  2 mummies (Ossuary)
  Robin (D:4)
  13 adders
  2 shadow imps
  An ooze (D:2)
  3 adder zombies
  A worm (D:3)
  4 giant geckos
  20 orcs
  2 bat zombies (D:5)
  5 giant cockroaches
  18 hobgoblins
  15 jackals
  2 quokkas
  2 ball pythons
  9 bats
  11 giant newts
  A gnoll zombie (Ossuary)
  24 goblins
  4 goblin zombies (Ossuary)
  A hobgoblin zombie (Ossuary)
  26 kobolds
  5 orc zombies (Ossuary)
  13 rats
286 creatures vanquished.

Notes
Turn   | Place    | Note
--------------------------------------------------------------
     0 | D:1      | onwiheg the Gargoyle Earth Elementalist began the quest for the Orb.
     0 | D:1      | Reached XP level 1. HP: 10/10 MP: 3/3
   128 | D:1      | Reached skill level 4 in Earth Magic
   325 | D:1      | Reached XP level 2. HP: 12/15 MP: 5/5
   817 | D:2      | Found an iron altar of Okawaru.
   884 | D:2      | Reached skill level 5 in Earth Magic
   884 | D:2      | Reached XP level 3. HP: 19/19 MP: 2/6
  1131 | D:2      | Reached XP level 4. HP: 24/24 MP: 3/7
  1656 | D:2      | Found an ancient bone altar of Kikubaaqudgha.
  1764 | D:3      | Noticed Natasha
  1769 | D:3      | Reached skill level 6 in Earth Magic
  1772 | D:3      | Killed Natasha
  1921 | D:3      | Noticed Ijyb
  1928 | D:3      | Killed Ijyb
  1928 | D:3      | Reached XP level 5. HP: 26/28 MP: 1/8
  1984 | D:3      | Reached skill level 7 in Earth Magic
  2179 | D:3      | Noticed Natasha
  2185 | D:3      | Killed Natasha
  2262 | D:3      | Noticed Natasha
  2265 | D:3      | Killed Natasha
  2465 | D:4      | Noticed Robin
  2477 | D:4      | Killed Robin
  2685 | D:4      | Reached skill level 8 in Earth Magic
  2685 | D:4      | Reached XP level 6. HP: 29/32 MP: 9/9
  2939 | D:4      | Reached skill level 1 in Maces & Flails
  3359 | D:4      | Found a staircase to the Ecumenical Temple.
  3434 | D:5      | Entered Level 5 of the Dungeon
  3460 | D:5      | Reached XP level 7. HP: 36/36 MP: 8/10
  3513 | Temple   | Entered the Ecumenical Temple
  3517 | Temple   | Became a worshipper of Sif Muna the Loreminder
  3772 | D:5      | Reached skill level 9 in Earth Magic
  4053 | D:5      | Learned a level 3 spell: Stone Arrow
  4100 | D:5      | Reached XP level 8. HP: 38/41 MP: 11/11
  4188 | D:5      | Acquired Sif Muna's first power
  4214 | D:5      | Reached skill level 10 in Earth Magic
  4579 | D:6      | Reached skill level 11 in Earth Magic
  4695 | D:6      | Acquired Sif Muna's second power
  4792 | D:6      | Reached skill level 12 in Earth Magic
  4802 | D:6      | Found a bloodstained altar of Trog.
  4818 | D:6      | Reached XP level 9. HP: 45/45 MP: 6/12
  5128 | D:7      | Found a sand-covered staircase.
  5134 | Ossuary  | Entered an ossuary
  5263 | Ossuary  | Reached skill level 13 in Earth Magic
  5869 | D:7      | Noticed Dowan
  5882 | D:7      | Noticed Duvessa
  5885 | D:7      | Killed Dowan
  5885 | D:7      | Reached skill level 14 in Earth Magic
  5891 | D:7      | Killed Duvessa
  6006 | D:7      | Found a shimmering altar of Xom.
  6728 | D:8      | Acquired Sif Muna's third power
  6729 | D:8      | Reached skill level 15 in Earth Magic
  6821 | D:8      | Reached XP level 10. HP: 50/50 MP: 13/13
  7585 | D:8      | Found an opulent altar of Gozag.
  7922 | D:9      | Noticed Grum
  7937 | D:9      | Reached skill level 16 in Earth Magic
  7939 | D:9      | Killed Grum
  8024 | D:9      | Noticed Erica
  8027 | D:9      | Killed Erica
  8063 | D:9      | Found a snail-covered altar of Cheibriados.
  8258 | D:9      | Reached skill level 5 in Spellcasting
  8273 | D:9      | Found a burning altar of Makhleb.
  8285 | D:9      | Noticed Joseph
  8300 | D:9      | Killed Joseph
  8617 | D:9      | Noticed Pikel
  8634 | D:9      | Killed Pikel
  8634 | D:9      | Received a gift from Sif Muna
  8634 | D:9      | Reached XP level 11. HP: 25/54 MP: 8/22
  8861 | D:9      | Learned a level 5 spell: Lee's Rapid Deconstruction
  8864 | D:9      | Learned a level 2 spell: Stoneskin
  8868 | D:9      | Learned a level 3 spell: Passwall
  8987 | D:9      | Noticed a fire dragon
  9100 | D:9      | Killed from afar by a fire dragon

Vault maps used:
D:1:      minmay_arrival_four_circles, st_stairs_1
D:2:      nicolae_overflow_hidden_temple, glass_columns_a, okawaru_gym_becter
D:3:      minmay_misc_feat_tower, uniq_natasha, uniq_iyjb
D:4:      minmay_temple_entry_from_below_a, uniq_robin
D:5:      first_bread, kennysheep_boxes
D:6:      old_standard_altar
D:7:      hangedman_cross_stitches, kennysheep_mini_moat,
          nicolae_ossuary_entry_plus, uniq_duvessa
D:8:      grunt_gozag_statues
D:9:      dragon1_lemuel, cheibriados_altar_1, kennysheep_mini,
          hangedman_fish_farm, uniq_grum, uniq_joseph, uniq_erica, uniq_pikel
Temple:   zaba_magenta_temple_12
Ossuary:  minmay_ossuary_gauntlet

Action                   |  1- 3 |  4- 6 |  7- 9 | 10-12 || total
-------------------------+-------+-------+-------+-------++-------
Melee: Whip              |    81 |   232 |   410 |    96 ||   819
       Staff             |       |       |       |    10 ||    10
 Cast: Sandblast         |    22 |    22 |    78 |    77 ||   199
       Stone Arrow       |       |       |       |    14 ||    14
       Lee's Rapid Decon |       |       |       |     1 ||     1
Evoke: Wand              |       |     5 |       |     2 ||     7
  Use: Scroll            |       |       |       |    10 ||    10
 Stab: Sleeping          |     1 |     5 |     2 |       ||     8
       Distracted        |       |       |     1 |       ||     1
  Eat: Chunk             |     1 |     8 |     7 |    20 ||    36
       Meat ration       |       |       |     1 |       ||     1
       Beef jerky        |       |       |     1 |       ||     1
